Cogmind - Beta 13 X2 @@@ ROGUE MODE // 2024.02.10 @ 22:03:20 Player: Minty Result: Destroyed self with Rocket Launcher Performance ------------- Evolutions (1) 500 Regions Visited (4) 800 Robots Destroyed (40) 200 Value Destroyed (1289) 1289 Prototype IDs (3) 60 Alien Tech Used (0) 0 Bonus (968) 968 TOTAL SCORE: 3817 Bonus ------- High Alert Combat Kills 124 Follower Combat Kills 175 Entered Garrisons 200 Used RIF Installer 500 Friendly Fire -31 Cogmind --------- Core Integrity 0/400 Matter 153/300 Energy 100/100 System Corruption 8% Temperature Cool (0) Movement Walking (120) Location -9/Garrison Parts ------- > --- POWER (1) -------- (None) > --- PROPULSION (4) --- Aluminum Leg > --- UTILITY (2) ------ Hacking Suite Relay Coupler [NC] (23) > --- WEAPON (2) ------- Rocket Launcher > --- INVENTORY (5) ---- Relay Coupler [Swarmer] (31) Relay Coupler [Grunt] (22) Improved Assault Rifle Improved Assault Rifle Improved Assault Rifle Peak State ------------ > --- POWER ------------ (None) > --- PROPULSION ------- Light Treads Aluminum Leg Aluminum Leg Aluminum Leg > --- UTILITY ---------- Weapon Shielding Hacking Suite > --- WEAPON ----------- Improved Assault Rifle Improved Assault Rifle > --- INVENTORY -------- Relay Coupler [Swarmer] Improved Assault Rifle Improved Assault Rifle Rocket Launcher [Rating: 15] Favorites ----------- Power Light Ion Engine Engine Light Ion Engine Propulsion Flight Unit Treads Light Treads Leg Aluminum Leg Hover Unit Hover Unit Flight Unit Flight Unit Utility Improved Targeting Computer Device Structural Scanner Storage Small Storage Unit Processor Improved Targeting Computer Hackware Hacking Suite Protection Light Armor Plating Weapon Improved Assault Rifle Ballistic Gun Improved Assault Rifle Launcher Rocket Launcher Build | -11 -10 -9 -9 -9 ------- Run | Yrd Mat Mat Sto Gar Slots Evolved 2 | . . 2 . . Power . | . . . . . Propulsion 2 | . . 2 . . Utility . | . . . . . Weapon . | . . . . . Parts Attached 36 | . 4 8 17 7 Power 3 | . 1 1 1 . Engine 3 | . 1 1 1 . Core . | . . . . . Reactor . | . . . . . Propulsion 16 | . 2 5 6 3 Treads 1 | . . . 1 . Leg 4 | . . . 1 3 Wheel . | . . . . . Hover 1 | . . . 1 . Flight 10 | . 2 5 3 . Utility 9 | . 1 2 3 3 Device 3 | . 1 1 1 . Storage . | . . . . . Processor 1 | . . . 1 . Hackware 2 | . . . . 2 Protection 3 | . . 1 1 1 Artifact . | . . . . . Weapon 8 | . . . 7 1 Energy Gun . | . . . . . Energy Cannon . | . . . . . Ballistic Gun 7 | . . . 7 . Ballistic Cannon . | . . . . . Launcher 1 | . . . . 1 Special Weapon . | . . . . . Impact Weapon . | . . . . . Slashing Weapon . | . . . . . Piercing Weapon . | . . . . . Special Melee Weapon . | . . . . . Unidentified Prototypes . | . . . . . Parts Lost 16 | . . 5 7 4 Power 2 | . . 1 1 . Propulsion 12 | . . 4 5 3 Utility 1 | . . . 1 . Weapon 1 | . . . . 1 Highest Loss Streak 5 | . . 5 3 4 To Critical Strikes . | . . . . . Average Slot Usage (%) 71 | . 96 78 62 69 Engine 3 | . 14 6 1 . Treads 4 | . . . 4 11 Leg 5 | . 12 . . 14 Hover 1 | . . . 3 . Flight 11 | . 14 29 11 . Device 4 | . 11 8 3 . Storage 2 | . 14 5 . . Processor 5 | . . . 9 3 Hackware 2 | . . . . 9 Protection 5 | . . 5 6 9 Ballistic Gun 22 | . 28 22 22 21 Naked Turns . | . . . . . Heaviest Build 13 | 12 13 11 9 10 Greatest Support 30 | 20 20 16 20 30 Greatest Overweight (x) 3 | . 3 . 1 . Average Overweight (x) . | . . . . . Largest Inventory Capacity 8 | . 8 8 5 5 Average Capacity 5 | . 8 6 5 5 Most Carried 8 | . 8 7 5 5 Average Carried 5 | . 7 5 4 4 Final Capacity 8 | 8 8 5 5 5 Final Carried 8 | 6 8 5 5 5 Class Distribution -------------------- 60% | Mutant 20% | Scavenger-Mutant 15% | Commander-Mutant 3% | Scavenger-Sprinter Dominant Class ---------------- Mutant | -10/Materials Scavenger-Mutant | -9/Materials Mutant | -9/Storage Scavenger-Mutant | -9/Garrison Resources | -11 -10 -9 -9 -9 ----------- Run | Yrd Mat Mat Sto Gar Matter Collected 941 | 200 64 99 504 74 Remotely . | . . . . . Salvage Created 1454 | . 99 194 1092 69 Parts 111 | . 15 14 76 6 Haulers Intercepted 3 | . . . 3 . Recyclers Shooed 1 | . . . 1 . Parts Field Recycled . | . . . . . Retrieved Matter . | . . . . . Parts Self-Destructed . | . . . . . Prevented . | . . . . . Kills | -11 -10 -9 -9 -9 ------- Run | Yrd Mat Mat Sto Gar Combat Hostiles Destroyed 32 | . 4 7 19 2 Guns 31 | . 4 7 19 1 AOE 1 | . . . . 1 Classes Destroyed 8 | . 3 . 4 1 Hauler 3 | . . . 3 . Recycler 2 | . . . 2 . Operator 1 | . . . 1 . Watcher 2 | . 1 . 1 . Swarmer 10 | . 3 4 3 . Grunt 15 | . 1 3 10 1 Sentry 6 | . . . 6 . Programmer 1 | . . . . 1 Best Kill Streak 5 | . 3 4 5 1 Combat Bots Only 5 | . 3 4 5 1 Max Kills in Single Turn 2 | . 2 1 2 1 Gunslinging 1 | . 1 . 1 . Exploded 1 | . . . . 1 Melee . | . . . . . Uniques/NPCs Destroyed . | . . . . . Combat | -11 -10 -9 -9 -9 -------- Run | Yrd Mat Mat Sto Gar Hostile Shots Fired 195 | . 11 52 77 55 Missed 50 | . 1 13 25 11 Damage Taken 1868 | . 98 325 651 794 Core 422 | . 21 106 125 170 Absorbed by Shields . | . . . . . Redirected to Shielding 17 | . . 10 7 . Regen/Repaired (Parts) 46 | . . . 46 . Core Remaining (%) 95 | 100 91 . . . Volleys Fired 121 | . 12 22 64 23 Largest 2 | . 2 2 2 2 Hottest 56 | . 40 40 46 56 Shots Fired 234 | . 24 44 127 39 Gun 230 | . 24 44 127 35 Cannon . | . . . . . Launcher 4 | . . . . 4 Special . | . . . . . Kinetic 230 | . 24 44 127 35 Thermal . | . . . . . Explosive 4 | . . . . 4 Electromagnetic . | . . . . . Robot Hit Streak 11 | . 5 6 11 5 Robot Miss Streak 3 | . 3 3 3 1 Penetration Max . | . . . . . Secondary Targets 8 | . 1 4 3 . Max Gunslinging Chain 1 | . 1 1 1 . Shots Hit Robots 156 | . 16 26 95 19 Core Hits 68 | . 8 12 40 8 Critical Kills 1 | . . . 1 . Critical Parts Destroyed . | . . . . . Critical Strikes 1 | . . . 1 . Destroy 1 | . . . 1 . Melee Attacks . | . . . . . Impact . | . . . . . Slashing . | . . . . . Piercing . | . . . . . Sneak Attacks . | . . . . . Combat Hostiles . | . . . . . Follow-up Attacks . | . . . . . Damage Inflicted 2279 | . 131 244 1411 493 Guns 2063 | . 131 244 1411 277 Cannons . | . . . . . Explosions 214 | . . . . 214 Melee . | . . . . . Ramming 2 | . . . . 2 Kinetic 2063 | . 131 244 1411 277 Thermal . | . . . . . Explosive 214 | . . . . 214 Electromagnetic . | . . . . . Impact . | . . . . . Slashing . | . . . . . Piercing . | . . . . . Highest Corruption 8 | . . . 1 8 Average Corruption 1 | . . . 1 1 Corruption Purged . | . . . . . Corruption Blocked . | . . . . . Effects 10 | . . . 5 5 Message Errors 2 | . . . 2 . Matter Fused 6 | . . . 3 3 Heat Flow Errors 1 | . . . . 1 Weapon Failures 1 | . . . . 1 Overload Shots . | . . . . . Overflow Damage 45 | . . . . 45 Projectiles . | . . . . . Explosions 45 | . . . . 45 Melee . | . . . . . Knockbacks . | . . . . . Impact . | . . . . . Kinetic . | . . . . . Secondary . | . . . . . Self-Inflicted Damage 177 | . . . . 177 Shots 4 | . . . . 4 Rammed . | . . . . . Targets Rammed . | . . . . . Kicked . | . . . . . Crushed . | . . . . . Highest Temperature 221 | . 22 6 17 221 Average Temperature 21 | . 10 3 3 118 Received Heat Transfer 342 | . 30 24 264 24 Siege Activations . | . . . . . Robots Corrupted . | . . . . . Combat Hostiles . | . . . . . Parts Fried . | . . . . . Impact Corruptions . | . . . . . Robots Melted . | . . . . . Combat Hostiles . | . . . . . Parts Melted . | . . . . . Heat Transferred . | . . . . . Parts Sabotaged . | . . . . . Parts Stolen . | . . . . . Parts Stripped . | . . . . . Power Chain Reactions . | . . . . . Missiles Intercepted . | . . . . . Alert | -11 -10 -9 -9 -9 ------- Run | Yrd Mat Mat Sto Gar Peak Influence 713 | . 152 233 713 540 Initial 419 | . . 63 98 419 Average 364 | . 59 134 467 472 Maximum Alert Level 3 | . . 1 3 2 Low Security (%) 30 | . 100 86 9 . Level 1 10 | . . 13 16 3 Level 2 58 | . . . 73 96 Level 3 . | . . . . . Level 4 . | . . . . . Level 5 . | . . . . . High Security . | . . . . . Max Security . | . . . . . Squads Dispatched 9 | . 2 1 6 . Investigation 7 | . 2 1 4 . Extermination . | . . . . . Reinforcement 1 | . . . 1 . Assault . | . . . . . Garrison 1 | . . . 1 . Intercept . | . . . . . Searches Triggered . | . . . . . Construction Impeded . | . . . . . Haulers Reinforced . | . . . . . Active Scanning Responses . | . . . . . Cargo Convoy Interrupts . | . . . . . Stealth | -11 -10 -9 -9 -9 --------- Run | Yrd Mat Mat Sto Gar Distress Signals 5 | . . 2 3 . Communications Jammed . | . . . . . Distress Signals . | . . . . . Times Spotted 51 | . 8 9 28 6 Peak Tracking Total 6 | . 3 5 6 3 Tactical Retreats 1 | . . . . 1 Traps | -11 -10 -9 -9 -9 ------- Run | Yrd Mat Mat Sto Gar Traps Triggered 1 | . . . 1 . Indirectly . | . . . . . Trap Hack Attempts . | . . . . . Triggered . | . . . . . Disarmed . | . . . . . Reprogrammed . | . . . . . Reused . | . . . . . Traps Extracted . | . . . . . Installed . | . . . . . Triggered . | . . . . . Machines | -11 -10 -9 -9 -9 ---------- Run | Yrd Mat Mat Sto Gar Machines Disabled 3 | . . . . 3 Max in Single Turn 2 | . . . . 2 Garrison Relay 1 | . . . . 1 Machines Repaired . | . . . . . Machines Dismantled . | . . . . . Machines Sabotaged 1 | . . . 1 . Overloaded Fab Kills . | . . . . . Hacking | -11 -10 -9 -9 -9 --------- Run | Yrd Mat Mat Sto Gar Machines Accessed 13 | . 3 2 7 1 Terminals 8 | . 2 1 4 1 Fabricators . | . . . . . Repair Stations 1 | . . . 1 . Recycling Units 2 | . 1 . 1 . Scanalyzers 1 | . . 1 . . Garrison Access 1 | . . . 1 . Total Hacks 39 | . 9 5 24 1 Successful 21 | . 4 3 13 1 Failed 18 | . 5 2 11 . Catastrophic 1 | . . . 1 . Database Lockouts . | . . . . . Manual 23 | . 6 3 14 . Terminals 25 | . 6 2 16 1 Fabricators . | . . . . . Repair Stations 4 | . . . 4 . Recycling Units 6 | . 3 . 3 . Scanalyzers 3 | . . 3 . . Garrison Access 1 | . . . 1 . Terminal Hacks 6 | . 1 . 4 1 Prototype ID Bank 1 | . . . 1 . Dispatch Records 1 | . . . 1 . Maintenance Status 1 | . . . 1 . Hauler Manifests 1 | . . . 1 . Zone Layout 1 | . 1 . . . Garrison Registry 1 | . . . . 1 Fabricator Hacks . | . . . . . Repair Station Hacks 2 | . . . 2 . Scan Component 1 | . . . 1 . Repair 1 | . . . 1 . Recycling Unit Hacks 3 | . 2 . 1 . Report Inventory 2 | . 1 . 1 . Retrieve Components 1 | . 1 . . . Scanalyzer 2 | . . 2 . . Insert Component 1 | . . 1 . . Analyze 1 | . . 1 . . Garrison Access Hacks 1 | . . . 1 . Unlock Access 1 | . . . 1 . Unauthorized Hacks 7 | . 1 1 5 . Terminals 4 | . . . 4 . Botnet 3 | . . . 3 . Sabotage 1 | . . . 1 . Fabricators . | . . . . . Repair Stations . | . . . . . Recycling Units 2 | . 1 . 1 . Tunnel 2 | . 1 . 1 . Scanalyzers 1 | . . 1 . . Extract 1 | . . 1 . . Garrison Access . | . . . . . Data Cores Recovered . | . . . . . Used . | . . . . . Hacking Detections 8 | . 2 1 5 . Full Trace Events 5 | . 1 1 3 . Feedback Events 1 | . . . 1 . Corruption 1 | . . . 1 . Feedback Blocked . | . . . . . Robot Schematics Acquired . | . . . . . Robots Built . | . . . . . Authchips . | . . . . . Time . | . . . . . Total Robot Build Rating . | . . . . . Part Schematics Acquired 6 | . . 6 . . Parts Built . | . . . . . Authchips . | . . . . . Time . | . . . . . Total Part Build Rating . | . . . . . Parts Repaired 1 | . . . 1 . Time 26 | . . . 26 . Parts Recycled . | . . . . . Recycled Matter . | . . . . . Retrieved Matter . | . . . . . Retrieved Components 3 | . 3 . . . Parts Scanalyzed 1 | . . 1 . . Part Schematics Acquired 1 | . . 1 . . Parts Damaged 1 | . . 1 . . Bothacking | -11 -10 -9 -9 -9 ------------ Run | Yrd Mat Mat Sto Gar Used RIF Installer 1 | . . . . 1 Robots Hacked . | . . . . . Non-combat . | . . . . . Combat . | . . . . . Robot Hacks Applied . | . . . . . Relay Couplers Released 5 | . . . . 5 Machine Destruction 5 | . . . . 5 Attached 1 | . . . . 1 Fabnet Peak Effective % . | . . . . . Robots Rewired . | . . . . . Allies Hacked . | . . . . . Hacks Repelled . | . . . . . Allies | -11 -10 -9 -9 -9 -------- Run | Yrd Mat Mat Sto Gar Total Allies 10 | . . . 10 . Largest Group 10 | . . . 10 2 Highest-Rated Group 88 | . . . 88 16 Highest-Rated Ally 16 | . . . 16 8 Total Orders . | . . . . . Ally Attacks 77 | . . . 60 17 Total Damage 716 | . . . 578 138 Kills 9 | . . . 7 2 Allies Corrupted . | . . . . . Allies Melted . | . . . . . Intel | -11 -10 -9 -9 -9 ------- Run | Yrd Mat Mat Sto Gar Robot Analysis Total . | . . . . . Derelict Logs Recovered . | . . . . . Drone Launches . | . . . . . Drone Recoveries . | . . . . . Exploration | -11 -10 -9 -9 -9 ------------- Run | Yrd Mat Mat Sto Gar Turns Passed 1044 | . 185 98 545 216 Spaces Moved 653 | 1 115 88 356 93 Core 1 | . . . 1 . Treads 147 | . . . 92 55 Legs 113 | 1 52 . 22 38 Wheels . | . . . . . Hover 81 | . . . 81 . Flight 311 | . 63 88 160 . Fastest Speed 31 | 120 117 31 31 120 Average Speed 90 | 120 119 33 81 143 Slowest Speed 280 | 120 280 40 160 160 Overloaded Moves . | . . . . . Propulsion Burnouts . | . . . . . Robots Hopped 1 | . . 1 . . Cave-ins Triggered . | . . . . . Exploration Rate (%) 21 | 2 27 7 62 11 Regions Visited 4 Branch Regions 1 Pre-discovered Areas 2 | . 1 . 1 . Known Exits Taken 1 | . . . 1 . Unknown Exits Taken 3 | 1 1 1 . . Scrap Searched . | . . . . . Spaces Dug . | . . . . . Terrain Destroyed 25 | . . . . 25 Melee . | . . . . . Projectile . | . . . . . AOE 25 | . . . . 25 Terrain Rammed 1 | . . . . 1 Walls Destroyed . | . . . . . Machines Disabled . | . . . . . Actions | -11 -10 -9 -9 -9 --------- Run | Yrd Mat Mat Sto Gar Total 890 | . 144 118 491 137 Wait 39 | . . . 33 6 Move 648 | . 114 85 356 93 Hop 1 | . . 1 . . Pick Up 18 | . 7 1 7 3 Fast Attach 19 | . 3 3 9 4 Attach 5 | . . 4 . 1 Detach 1 | . . . . 1 Swap 12 | . 1 1 8 2 Drop 25 | . 7 1 14 3 Fire 121 | . 12 22 64 23 Melee . | . . . . . Ram 1 | . . . . 1 Kick . | . . . . . Crush . | . . . . . Escape Stasis . | . . . . . Rewire . | . . . . . Trap . | . . . . . Miscellaneous . | . . . . . Route ------- -11/Scrapyard -10/Materials -9/Materials -9/Storage (discovered 2 exits: [*Mat] / Gar) -9/Garrison (discovered 3 exits: [Rec x3]) History --------- Turn | Location | Event 1 | -11/Scrapyard | Discovered new exit (range 0) 1 | -11/Scrapyard | Entered Materials 143 | -10/Materials | Discovered new exit (range 8) 186 | -10/Materials | Entered another Materials area 186 | -9/Materials | Evolved 2 slots: Propulsion x2 188 | -9/Materials | Discovered new exit (range 15) 255 | -9/Materials | Lost 5 parts (1p4n) 284 | -9/Materials | Entered Storage 422 | -9/Storage | Lost 3 parts (1p2n) 521 | -9/Storage | Assisted by bots powering up and referring to "LRC-V3" 533 | -9/Storage | Core integrity fell below 50% 567 | -9/Storage | Discovered new exit (range 16) 582 | -9/Storage | Lost 6 allies 637 | -9/Storage | Repaired Weapon Shielding 751 | -9/Storage | Garrison activated, responded to threat 829 | -9/Storage | Identified exit to Garrison 829 | -9/Storage | Entered Garrison 829 | -9/Garrison | Accompanied by 2 allies 861 | -9/Garrison | Installed Relay Interface Framework 886 | -9/Garrison | Triggered checkpoint 921 | -9/Garrison | Discovered new exit (range 58) 921 | -9/Garrison | Discovered new exit (range 78) 921 | -9/Garrison | Discovered new exit (range 58) 953 | -9/Garrison | Garrison Relay disabled 1040 | -9/Garrison | Core integrity fell below 20% 1045 | -9/Garrison | Destroyed self with Rocket Launcher Last Messages --------------- 01007_ Rammed Wall. 01007_ Destabilizing: System interference. 01007_ Imp. Assault Rifle temporarily disabled. 01007_ Lgt. Treads broken. 01007_ Destabilizing: Short circuit. 01008_ P-60 Hacker springs to life. 01017_ P-60 Hacker fails to hack Mercenary 2d. 01020_ Chain reaction triggered in Ion Engine. 01020_ Mercenary 2d destroyed. 01025_ P-60 Hacker resets P-60 Hacker, system corruption cleaned. 01027_ System corrupted: Matter fused (-7). 01031_ P-60 Hacker resets P-60 Hacker, system corruption cleaned. 01033_ Aluminum Leg destroyed. 01036_ Machine disabled. 01036_ P-60 Hacker destroyed. 01036_ Garrison Terminal disabled. 01042_ Broken Lgt. Treads destroyed. 01042_ Destroyed Broken Lgt. Treads. 01043_ System corrupted: Matter fused (-6). 01045_ Imp. Assault Rifle destroyed. Map ----- +----------------------------------------------------+ | #?????# #????????????????????????????????? | | ####### #????????????????????????????????? | | + #????????????????????????????????? | | + #????????????????????????????????? | | ##########????????????????????????????????? | | ###???????????????????????????????????????? | | " #???????????????????????????????????????? | | " #???????????????????????????????????????? | | " #???????????????????????????????????????? | | " #???????????????????????????????????????? | | ###???????????????????????????????????????? | | ###########################???????????????? | | #???????????????? | | ##########"""### #???????????????? | | ####+## #????????# #?# #???????????????? | | #??# ## #????????##+##?#!###?????????????? | | ???# ## #?????????# #??# #"#?????????????? | | ???# ## ########### #??# "#?????????????? | | ???# + + #??#!! #?????????????? | | #### ## ########### #??# !"#?????????????? | | ## #?????????# #### #"#########?????? | | ####### #????????##+## # ### # # #?????? | | ####### #????????# * # # + #?????? | | ##########! # * ##+##+#?????? | | *%[%= %[%pp #?????? | | ####### ###############=@ +##+#?????? | | ??????# #######??????# # + #?????? | | ??????# # """"#??????# ### # # #?????? | | ??????# "#??????##""#???#######?????? | | ??????# #^""""#???????####???????????????? | | ##????# #######??????????????????????????? | | ]###### ##############???????????????????? | | ]+ + #???????????????????? | | ]###### #???????????????????? | | ]#????############# #???????????????????? | | ##????????????????# #???????????????????? | | ??????????????????#####???????????????????? | | ??????????????????????????????????????????? | | ??????????????????????????????????????????? | | ??????????????????????????????????????????? | | ??????????????????????????????????????????? | | ??????????????????????????????????????????? | | ??????????????????????????????????????????? | | ??????????????????????????????????????????? | | ??????????????????????????????????????????? | | ??????????????????????????????????????????? | | ??????????????????????????????????????????? | | ??????????????????????????????????????????? | | ??????????????????????????????????????????? | | ??????????????????????????????????????????? | +----------------------------------------------------+ Best States ------------- Heat Dissipation 28 Energy Generation 10 Energy Capacity 250 Matter Stores 300 Matter Capacity 300 Sight Range 16 Terrain Scan Density 10 Armor Coverage 150 Weapon Shielding 33 Evasion (%) 63 Targeting Accuracy 6 Recoil Reduction 1 Offensive Hacking 10 Relay Coupler Types 1 Relay Coupler Value 23 Item Schematics ----------------- Beam Cannon | -9/Materials | Scanalyzed Hvy. Hammer | -9/Materials | Extracted Lgt. EM Pulse Cannon | -9/Materials | Extracted Lgt. Cannon | -9/Materials | Extracted Med. Matter Pod | -9/Materials | Extracted Imp. Medium Laser | -9/Materials | Extracted Robot Schematics ------------------ None Fabricated ------------ Nothing Alien Tech Used ----------------- None Achievements -------------- None Challenges ------------ None Game ------ Seed BlastRefineryGreatsword Manual? 0 Play Time 00:09:09 Cumulative 647.7 hours Start 2024.02.10 @ 21:55:41 End 2024.02.10 @ 22:03:20 Sessions 1 Manual Loads 0 Difficulty Rogue Special Mode None Game No. 639 Rogue 366 Adventurer 123 Explorer 150 Win Type - Total 25 Types 19/0/4/1/0/0/0/1/0 Lore% 80 Gallery% 91 Achievement% 76 Wizard Run 0 Options --------- ASCII 0 Keyboard 1 Movement Numpad Keybinds 0 Fullscreen 2 Font 18/X11Bold Map View 76x50 Zoom Use 0% Tactical HUD 1 Map Filters NONE Filters NONE Steam 1 RUN: 73a0dd7f-9a8e-4e8e-8dea-ec7e98e46a1f